 Dungeon Crawl Stone Soup version 0.18-a0-1799-g6250cb2 (webtiles) character file.

66 Kenran the Twirler (level 4, -1/26 HPs)
             Began as a Gargoyle Gladiator on Apr 23, 2016.
             Killed by divine providence
             ... invoked by an orc priest
              (11 damage)
             ... on level 2 of the Dungeon.
             The game lasted 00:02:41 (1702 turns).

Kenran the Twirler (Gargoyle Gladiator)             Turns: 1702, Time: 00:02:41

Health: -1/26      AC:  7    Str: 19    XL:     4   Next: 15%
Magic:  4/4        EV: 12    Int:  9    God:
Gold:   36         SH:  0    Dex: 10    Spells: 0 memorised, 3 levels left

rFire  . . .     SeeInvis .     a - +0 quarterstaff
rCold  . . .     Gourm    .     b - +0 leather armour
rNeg   + . .     Faith    .     (shield currently unavailable)
rPois  ∞         Spirit   .     c - +0 helmet
rElec  +         Dismiss  .     (no cloak)
rCorr  .         Reflect  .     (no gloves)
SustAt .         Harm     .     (no boots)
MR     .....                    (no amulet)
Stlth  +.........               (no ring)
                                (no ring)

@: not resistant to hostile enchantments, very unstealthy
A: negative energy resistance 1, electricity resistance, unbreathing,
petrification resistance, rot immunity, AC +3
a: no special abilities


You were on level 2 of the Dungeon.
You were hungry.

You visited 1 branch of the dungeon, and saw 3 of its levels.

You collected 36 gold pieces.

Inventory:

Hand Weapons
 a - a +0 quarterstaff (weapon)
Missiles
 d - 3 throwing nets (quivered)
Armour
 b - a +0 leather armour (worn)
 c - a +0 helmet (worn)
Scrolls
 e - 2 scrolls of identify {unknown}
 k - a scroll of recharging {unknown}
 n - 3 scrolls of blinking {unknown}
 p - 5 scrolls of remove curse {unknown}
 s - a scroll of amnesia {unknown}
Potions
 g - a potion of brilliance {unknown}
 h - 2 potions of lignification {unknown}
 i - a potion of resistance {unknown}
 l - a potion of might {unknown}
 o - a potion of cancellation {unknown}
 q - a potion of curing {unknown}
 r - 3 potions of flight {unknown}
 t - a potion of heal wounds {unknown}
Comestibles
 f - 2 bread rations
 j - a royal jelly
 m - a meat ration


   Skills:
 - Level 2.1 Fighting
 + Level 4.9 Staves
 - Level 1.7 Throwing
 - Level 2.4 Dodging


You had 3 spell levels left.
You didn't know any spells.

Dungeon Overview and Level Annotations

Branches:
Dungeon (3/15)

Altars:
Fedhas


Innate Abilities, Weirdness & Mutations

You are resistant to torment.
Your stone body is resilient (AC +3).
You are immune to poison.
You resist negative energy.
You are resistant to electric shocks.
You can survive without breathing.
You are immune to petrification.
You are immune to rotting.


Message History

The orc priest hits you but does no damage.
The orc barely misses you.
You climb upwards.
There is a stone staircase leading down here.
You hit the orc priest.
The orc priest is lightly wounded.
The orc priest hits you but does no damage.
The orc hits you but does no damage.
You hit the orc priest but do no damage.
The orc priest is lightly wounded.
The orc priest barely misses you. The orc hits you with a falchion.
You closely miss the orc priest.
The orc priest is lightly wounded.
The orc priest hits you but does no damage.
The orc misses you.
You sock the orc priest!
The orc priest is almost dead.
The orc priest mumbles some strange prayers to Beogh against you.
Beogh smites you!
You die...

##################
...............o@#
################o#
##########.#
#..........#
#####.#######.#
#.....# ###.#
#.###.# #...#
#.###.## ###.#
###.##...######.#


You could see an orc priest and an orc.

Vanquished Creatures
  Natasha (D:2)
  An ooze (D:1)
  A worm (D:2)
  A giant gecko (D:1)
  An orc (D:2)
  5 bats
  A giant cockroach (D:1)
  5 goblins
  3 hobgoblins
  2 ball pythons
  5 kobolds
  3 rats
29 creatures vanquished.

Notes
Turn   | Place    | Note
--------------------------------------------------------------
     0 | D:1      | Kenran the Gargoyle Gladiator began the quest for the Orb.
     0 | D:1      | Reached XP level 1. HP: 12/12 MP: 1/1
   113 | D:1      | Reached XP level 2. HP: 5/17 MP: 2/2
   910 | D:2      | Found a blossoming altar of Fedhas.
   954 | D:2      | Reached skill level 4 in Staves
  1040 | D:2      | Reached XP level 3. HP: 21/21 MP: 3/3
  1243 | D:2      | Noticed Natasha
  1264 | D:2      | Killed Natasha
  1264 | D:2      | Reached XP level 4. HP: 7/26 MP: 4/4
  1702 | D:2      | Killed from afar by an orc priest

Vault maps used:
D:1:      lightli_arrival_boilingwater
D:2:      nicolae_overflow_crystal_walls, uniq_natasha

Skill      XL: |  1  2 |
---------------+-------+-----
Staves         | 4 |  4.9
Fighting       | |  2.1
Throwing       | |  1.7
Dodging        | |  2.4

Action                   |  1- 3 |  4- 6 || total
-------------------------+-------+-------++-------
Melee: Quarterstaff      |    96 |    11 ||   107
  Eat: Chunk             |     1 |     1 ||     2
Armor: Leather armour    |    29 |     6 ||    35
Dodge: Dodged            |    60 |     7 ||    67
